 Dungeon Crawl Stone Soup version 0.30-a0-778-g2ef04afb54 (webtiles) character file.

Game seed: 4087532288040187965

45950 browni3141 the Warrior (level 14, -5/147 HPs)
             Began as a Hill Orc Gladiator on Feb 17, 2023.
             Was a High Priest of Okawaru.
             Slain by a skyshark (10 damage)
             ... on level 5 of the Lair of Beasts.
             The game lasted 00:27:18 (17499 turns).

browni3141 the Warrior (Hill Orc Gladiator)        Turns: 17499, Time: 00:27:19

Health: -5/147     AC: 19    Str: 28    XL:     14   Next: 35%
Magic:  32/33      EV: 22    Int:  5    God:    Okawaru [*****.]
Gold:   1406       SH:  0    Dex: 18    Spells: 13/13 levels left

rFire   + . .      SeeInvis .    V - +7 scimitar (flame)
rCold   + . .      Faith    .    (no shield)
rNeg    . . .      Spirit   .    T - +2 robe {rC+ rF+}
rPois   .          Reflect  .    l - +2 helmet
rElec   .          Harm     .    v - +1 cloak
rCorr   .          Rampage  .    I - +0 pair of gloves
Will    ++...      Clarity  +    w - +0 pair of boots
Stlth   +++                      p - amulet of regeneration
HPRegen 1.24/turn                h - +4 ring of protection
MPRegen 0.23/turn                j - ring "Ybaumnua" {Will+ MP+9 Str+6 Int-3 Dex+6}

@: heroic, studying Fighting
A: clarity
a: Renounce Religion, Heroism, Finesse, Duel


You were on level 5 of the Lair of Beasts.
You worshipped Okawaru.
Okawaru was extremely pleased with you.
You visited 4 branches of the dungeon, and saw 19 of its levels.

You collected 1941 gold pieces.
You spent 535 gold pieces at shops.

Inventory:

Hand Weapons
 V - a +7 scimitar of flaming (weapon)
Missiles
 a - 4 curare-tipped darts (quivered)
 c - 3 silver javelins
 d - 3 throwing nets
 n - a boomerang of dispersal
 r - 13 javelins
 X - 3 atropa-tipped darts
Armour
 l - a +2 helmet (worn)
 v - a +1 cloak (worn)
 w - a +0 pair of boots (worn)
 I - a +0 pair of gloves (worn)
 T - a +2 robe of resistance (worn)
Magical Staves
 D - a staff of air
Jewellery
 h - a +4 ring of protection (left hand)
 j - the ring "Ybaumnua" (right hand) {Will+ MP+9 Str+6 Int-3 Dex+6}
   (You took it off a kobold on level 2 of the Dungeon)

   [ring of strength]

   Str:       It affects your strength (+6).
   Int:       It affects your intelligence (-3).
   Dex:       It affects your dexterity (+6).
   MP:        It affects your magic capacity (+9).
   Will:      It increases your willpower.
 m - a ring of willpower
 p - an amulet of regeneration (around neck)
 s - a ring of see invisible
 y - a +4 ring of protection
 W - a ring of resist corrosion
Wands
 b - a wand of polymorph (5)
 e - a wand of roots (6)
 F - a wand of digging (7)
 G - a wand of quicksilver (4)
 O - a wand of flame (35)
Scrolls
 f - a scroll of magic mapping
 i - 2 scrolls of blinking
 k - 6 scrolls of teleportation
 t - 2 scrolls of poison
 x - a scroll of identify
 R - 2 scrolls of silence
 S - a scroll of amnesia
 U - 2 scrolls of vulnerability {unknown}
 Y - 2 scrolls of fear {unknown}
 Z - 2 scrolls of fog {unknown}
Potions
 g - a potion of degeneration
 o - 4 potions of haste
 q - 3 potions of magic
 u - 5 potions of flight {unknown}
 z - 3 potions of attraction
 A - 2 potions of resistance {unknown}
 B - a potion of ambrosia {unknown}
 C - 3 potions of lignification {unknown}
 E - a potion of invisibility {unknown}
 H - 4 potions of brilliance {unknown}
 J - a potion of might
 L - 4 potions of curing
 M - 6 potions of heal wounds
 N - 2 potions of mutation {unknown}
 P - 4 potions of berserk rage {unknown}
 Q - a potion of cancellation {unknown}


   Skills:
 * Level 19.7(24.7) Fighting
 - Level 3.3(8.3) Maces & Flails
 * Level 6.4(11.4) Throwing
 + Level 13.0(18.0) Armour
 + Level 10.6(15.6) Dodging
 * Level 13.3 Invocations
 - Level 5.0 Evocations


You had 13 spell levels left.
You didn't know any spells.
Your spell library contained the following spells:

 Spells                   Type           Power      Damage    Failure   Level
 Apportation              Tloc           0%         N/A       47%         1
 Kiss of Death            Conj/Necr      0%         2d5       47%         1
 Magic Dart               Conj           0%         1d3       47%         1
 Necrotise                Necr           0%         1d4       47%         1
 Sublimation of Blood     Necr           0%         N/A       63%         2
 Confusing Touch          Hex            0%         N/A       85%         3
 Ignite Poison            Fire/Tmut/Pois 0%         N/A       85%         3
 Kindle Blastsparks       Fire/Tloc/Air  0%         2d10      85%         3
 Mephitic Cloud           Conj/Pois/Air  0%         N/A       85%         3
 Portal Projectile        Hex/Tloc       0%         N/A       85%         3
 Airstrike                Air            0%         2d(0-16)  99%         4
 Dispel Undead            Necr           0%         3d6       99%         4
 Leda's Liquefaction      Hex/Erth       0%         N/A       99%         4
 Petrify                  Tmut/Erth      0%         N/A       99%         4
 Freezing Cloud           Conj/Ice/Air   0%         6-21      100%        5
 Irradiate                Conj/Tmut      0%         3d11      100%        5
 Lightning Bolt           Conj/Air       0%         1d11      100%        5
 Summon Small Mammal      Summ           Unusable   N/A       N/A         1
 Call Imp                 Summ           Unusable   N/A       N/A         2
 Call Canine Familiar     Summ           Unusable   N/A       N/A         3
 Summon Lightning Spire   Summ/Air       Unusable   N/A       N/A         4

Dungeon Overview and Level Annotations

Branches:
Dungeon (11/15)            Temple (1/1) D:4            Lair (5/5) D:10
  Swamp (0/4) Lair:3       Spider (0/4) Lair:2          Orc (2/2) D:11
    Elf (0/3) Orc:2
  Slime: Lair:4-5

Altars:
Ashenzari
Cheibriados
Dithmenos
Elyvilon
Fedhas
Gozag
Hepliaklqana
Kikubaaqudgha
Makhleb
Nemelex Xobeh
Okawaru
Qazlal
Ru
Sif Muna
Trog
Uskayaw
Vehumet
Wu Jian
Xom
Yredelemnul
Zin
The Shining One

Shops:
Orc:2 [=*(

Annotations:
D:4 1 runed translucent door, Crazy Yiuf
D:10 3 runed translucent doors, Beavis's ghost, novice DsHu
Lair:2 2 transporters, FacelessVoid's ghost, journeyman MiHu


Innate Abilities, Weirdness & Mutations

You possess an exceptional clarity of mind.


Message History

Unknown command.
Throw: 5 darts (curare)
Press: ? - help, Q - select action, (/) - cycle Shift-Dir - straight line, f - skyshark
Aim: a skyshark (moderately wounded, berserk, 67% to hit)
You throw a curare-tipped dart.
The curare-tipped dart hits the skyshark.
The skyshark is poisoned.
The skyshark convulses.
The skyshark seems to slow down.
The skyshark is heavily wounded.
The skyshark bites you!
* * * LOW HITPOINT WARNING * * *
The skyshark tail-slaps you.
* * * LOW HITPOINT WARNING * * *
You hit the skyshark but do no damage.
The skyshark is heavily wounded.
The skyshark completely misses you. x2; The skyshark bites you!
* * * LOW HITPOINT WARNING * * *
The skyshark closely misses you. The skyshark misses you.
The skyshark tail-slaps you but does no damage.
You gain the combat prowess of a mighty hero.
The skyshark completely misses you. The skyshark misses you.
You slash the skyshark! You burn the skyshark.
The skyshark is heavily wounded.
The skyshark barely misses you. The skyshark tail-slaps you.
* * * LOW HITPOINT WARNING * * *
The skyshark completely misses you. The skyshark barely misses you.
You hit the skyshark. You burn the skyshark.
The skyshark is severely wounded.
The skyshark misses you. The skyshark completely misses you.
You hit the skyshark but do no damage.
The skyshark is severely wounded.
The skyshark bites you!
* * * LOW HITPOINT WARNING * * *
The skyshark barely misses you. The skyshark bites you.
* * * LOW HITPOINT WARNING * * *
The skyshark barely misses you.
You slash the skyshark! You burn the skyshark.
The skyshark is almost dead.
The skyshark bites you!
You die...

# ##
..##.###################
...................#...#
...........#.........P..
............##....###...
#....l@...###....##....
#....P#...#....#.##....
....#.##..#....####.....
.....# #..P....P##P....#
. ..P .......P.###.....
#.. ........#.##.....#
#.. ..................#
..# #P................##
........P#.#...#


You could see a skyshark (berserk, poisoned, slow).

Vanquished Creatures
  An orc warlord (Orc:2)
  Harold (D:11)
  Erica (Lair:2)
  3 hydras (Lair:3)
  2 centaur warriors (Orc:2)
  3 two-headed ogres
  6 death yaks
  3 boulder beetles
  Urug (Lair:2)
  Nergalle (Lair:3)
  Lodul (D:10)
  A skyshark (Lair:3)
  An orc sorcerer (Orc:1)
  3 orc knights (Orc:2)
  2 cyclopes (D:6)
  4 black mambas
  A torpor snail (Lair:2)
  12 cane toads
  2 gargoyles (D:10)
  An efreet (D:9)
  4 komodo dragons
  5 trolls
  Grinder (D:3)
  2 polar bears
  A tyrant leech (Arena)
  Prince Ribbit (D:6)
  10 blink frogs (Lair:3)
  3 slime creatures (D:11)
  4 wyverns
  37 yaks
  A shadow (D:10)
  A basilisk (Lair:2)
  Eustachio (D:4)
  Grum (D:11)
  3 steam dragons
  Menkaure (D:6)
  A swamp worm (Lair:3)
  3 acid dragons
  3 wargs
  4 water moccasins
  Duvessa (D:5)
  An ice beast (D:7)
  28 orc warriors
  2 sky beasts
  2 black bears
  15 ogres
  12 wolves
  12 centaurs
  2 phantoms
  2 kobold brigands
  Blork the orc (D:4)
  2 gnoll sergeants (D:10)
  4 scorpions
  2 necrophages
  10 bullfrogs
  5 wights
  Dowan (D:5)
  4 killer bees (D:10)
  An electric eel (Lair:2)
  4 howler monkeys
  2 hounds
  10 orc priests
  A gnoll bouda (D:4)
  4 jellies
  2 iguanas
  16 orc wizards
  Ijyb (D:3)
  27 gnolls
  9 adders
  2 shadow imps
  A white imp (D:5)
  An ufetubus (D:6)
  8 worms
  A dart slug (D:1)
  62 orcs
  4 bats
  12 endoplasms
  3 giant cockroaches
  7 goblins
  5 hobgoblins
  7 jackals
  16 kobolds
  4 quokkas
  5 ball pythons
  2 frilled lizards (D:2)
  7 rats
467 creatures vanquished.

Vanquished Creatures (others)
  An orc warrior (Orc:2)
  An orc priest (D:8)
  6 fungi
  15 plants
23 creatures vanquished.

Grand Total: 490 creatures vanquished

Notes
Turn   | Place    | Note
-------+----------+-------------------------------------------
     0 | D:1      | browni3141 the Hill Orc Gladiator began the quest for the
                  | Orb.
     0 | D:1      | Reached XP level 1. HP: 18/18 MP: 1/1
   149 | D:2      | Found a glowing golden altar of the Shining One.
   153 | D:2      | Reached XP level 2. HP: 25/25 MP: 2/2
   202 | D:2      | Reached skill level 3 in Fighting
   313 | D:2      | Reached XP level 3. HP: 28/31 MP: 3/3
   447 | D:2      | Identified the ring "Ybaumnua" {Will+ MP+9 Str+6 Int-3
                  | Dex+6}
   853 | D:1      | Reached skill level 4 in Fighting
   901 | D:1      | Reached XP level 4. HP: 40/40 MP: 4/4
  1285 | D:1      | Reached skill level 5 in Fighting
  1964 | D:3      | Noticed Grinder
  1972 | D:3      | Paralysed by Grinder for 3 turns
  1992 | D:3      | Killed Grinder
  1993 | D:3      | Reached skill level 9 in Fighting
  1993 | D:3      | Reached XP level 5. HP: 53/57 MP: 5/5
  1993 | D:3      | Reached XP level 6. HP: 59/63 MP: 6/6
  2941 | D:3      | Noticed Ijyb
  2953 | D:3      | Killed Ijyb
  3026 | D:4      | Found a snail-covered altar of Cheibriados.
  3039 | D:4      | Noticed Blork the orc
  3049 | D:4      | Killed Blork the orc
  3050 | D:4      | Reached skill level 10 in Fighting
  3115 | D:4      | Found a staircase to the Ecumenical Temple.
  3139 | Temple   | Entered the Ecumenical Temple
  3375 | D:4      | Reached skill level 11 in Fighting
  3375 | D:4      | Reached XP level 7. HP: 52/74 MP: 7/7
  3471 | D:4      | Noticed Eustachio
  3503 | D:4      | Killed Eustachio
  3504 | D:4      | Reached skill level 12 in Fighting
  3575 | D:4      | Found a radiant altar of Vehumet.
  3721 | D:4      | Found a runed translucent door.
  3722 | D:4      | Noticed Crazy Yiuf
  3772 | D:4      | Found an iron altar of Okawaru.
  3963 | D:5      | Entered Level 5 of the Dungeon
  3973 | D:4      | Found a glowing silver altar of Zin.
  3973 | D:4      | Found an opulent altar of Gozag.
  3973 | D:4      | Found a white marble altar of Elyvilon.
  3991 | D:4      | Became a worshipper of Warmaster Okawaru
  4013 | D:4      | Reached skill level 1 in Evocations
  4030 | D:4      | Reached skill level 1 in Armour
  4108 | D:6      | Reached XP level 8. HP: 68/85 MP: 8/8
  4223 | D:8      | Reached * piety under Okawaru
  4289 | D:9      | Noticed an efreet
  4289 | D:9      | Noticed a wyvern
  4355 | D:8      | Found a basalt altar of Yredelemnul.
  4507 | D:7      | Noticed a two-headed ogre
  4518 | D:7      | Killed a two-headed ogre
  4519 | D:7      | Reached skill level 13 in Fighting
  4569 | D:7      | Reached skill level 14 in Fighting
  4575 | D:7      | Reached skill level 1 in Invocations
  4575 | D:7      | Reached XP level 9. HP: 70/95 MP: 9/9
  4854 | D:7      | Reached ** piety under Okawaru
  4861 | D:7      | Found a broken altar of Ashenzari.
  4951 | D:7      | Reached skill level 5 in Evocations
  5507 | D:8      | Reached skill level 15 in Fighting
  5517 | D:8      | Reached skill level 5 in Invocations
  5635 | D:8      | HP: 4/100 [orc warrior/+0 scimitar (10)]
  5640 | D:8      | HP: 2/100 [orc priest/divine providence (10)]
  5650 | D:8      | Reached XP level 10. HP: 15/107 MP: 13/13
  5662 | D:8      | Reached skill level 16 in Fighting
  5662 | D:8      | Reached skill level 5 in Armour
  5662 | D:8      | Reached skill level 5 in Dodging
  6146 | D:6      | Reached *** piety under Okawaru
  6169 | D:6      | Noticed Menkaure
  6179 | D:6      | Killed Menkaure
  6193 | D:6      | Found a sparkling altar of Nemelex Xobeh.
  6263 | D:6      | Noticed Prince Ribbit
  6298 | D:6      | Killed Prince Ribbit
  6515 | D:6      | Noticed a cyclops
  6522 | D:6      | Killed a cyclops
  6618 | D:6      | Noticed a cyclops
  6631 | D:6      | Killed a cyclops
  6961 | D:5      | You fall into a shaft and drop 3 floors!
  7262 | D:5      | Noticed Dowan
  7263 | D:5      | Noticed Duvessa
  7272 | D:5      | Killed Duvessa
  7292 | D:5      | Killed Dowan
  7332 | D:5      | Found a bloodstained altar of Trog.
  7599 | D:9      | Reached **** piety under Okawaru
  7705 | D:10     | Entered Level 10 of the Dungeon
  7797 | D:9      | Identified the +1 war axe "Backscratcher" {drain, Str+3}
  7801 | D:9      | Noticed a two-headed ogre
  7816 | D:9      | Killed a two-headed ogre
  7817 | D:9      | Reached XP level 11. HP: 95/114 MP: 14/14
  8097 | D:9      | Identified the +3 short sword of Wujiu {flame, rElec Int+4}
  8310 | D:10     | Reached ***** piety under Okawaru
  8605 | D:10     | Found a staircase to the Lair.
  8658 | D:10     | Noticed a seven-headed hydra
  8664 | D:10     | Noticed Beavis's ghost (novice DsHu)
  8684 | D:10     | Reached skill level 10 in Armour
  8726 | D:10     | Found a runed translucent gate.
  8726 | D:10     | Found a runed translucent gate.
  8727 | D:10     | Found a runed translucent gate.
  9052 | D:10     | Noticed a two-headed ogre
  9061 | D:10     | Killed a two-headed ogre
  9061 | D:10     | Received a gift from Okawaru
  9258 | D:11     | Noticed Grum
  9279 | D:11     | Killed Grum
  9442 | D:11     | Noticed Harold
  9458 | D:11     | Killed Harold
  9590 | D:11     | Noticed a boulder beetle
  9597 | D:11     | Noticed Lodul
  9669 | D:10     | Reached XP level 12. HP: 114/122 MP: 16/16
  9711 | D:10     | Killed Lodul
  9868 | D:11     | Killed a boulder beetle
 10317 | D:11     | Found a staircase to the Orcish Mines.
 10451 | Orc:1    | Entered Level 1 of the Orcish Mines
 10478 | Orc:1    | Received a gift from Okawaru
 10878 | Orc:2    | Entered Level 2 of the Orcish Mines
 11189 | Orc:2    | Identified a scroll of acquirement
 11192 | Orc:2    | Acquired a manual of Fighting
 11216 | Orc:2    | Noticed a centaur warrior
 11230 | Orc:2    | Killed a centaur warrior
 11337 | Orc:2    | Noticed a centaur warrior
 11393 | Orc:2    | Reached skill level 10 in Invocations
 11395 | Orc:2    | Killed a centaur warrior
 11794 | Orc:2    | Reached skill level 10 in Dodging
 11801 | Orc:2    | Reached skill level 17 in Fighting
 11801 | Orc:2    | Reached XP level 13. HP: 45/132 MP: 20/20
 12115 | Orc:2    | Found Vovannamn's Jewellery Emporium.
 12115 | Orc:2    | Found Naom's General Store.
 12117 | Orc:2    | Found Xygak's Weapon Boutique.
 12119 | Orc:2    | Found Huabramm's Antique Armour Shoppe.
 12131 | Orc:2    | Bought a shiny helmet for 135 gold pieces
 12174 | Orc:2    | Found a staircase to the Elven Halls.
 12272 | Orc:1    | Noticed an orc warlord
 12276 | Orc:1    | Gained mutation: You possess an exceptional clarity of
                  | mind. [a neqoxec]
 12367 | Orc:2    | Killed an orc warlord
 12550 | Orc:2    | Bought a ring of willpower for 400 gold pieces
 12663 | Lair:1   | Entered Level 1 of the Lair of Beasts
 13011 | Lair:1   | Received a gift from Okawaru
 13546 | Lair:2   | Found a transporter.
 13567 | Lair:2   | Noticed Erica
 13583 | Lair:2   | Killed Erica
 13636 | Lair:2   | Identified the +3 glaive "Umuu" {antimagic, Str+3}
 13669 | Lair:2   | Received a gift from Okawaru
 13670 | Lair:2   | Reached skill level 18 in Fighting
 13768 | Lair:2   | Found a hole to the Spider Nest.
 13769 | Lair:2   | Noticed FacelessVoid's ghost (journeyman MiHu)
 14101 | Lair:2   | Noticed Urug
 14132 | Lair:2   | Killed Urug
 14235 | Lair:2   | Identified the +4 rapier "Fadacan" {flame, Str+5}
 14430 | Lair:2   | Reached skill level 5 in Throwing
 14699 | Lair:2   | Found a transporter.
 15038 | Lair:3   | Identified the +2 scale mail of Hedonism {Rampage rN+ MP+9
                  | Int+3}
 15168 | Lair:3   | Noticed Sonja
 15169 | Lair:3   | Sonja changed into Sonja the yak
 15169 | Lair:3   | Noticed Sonja
 15180 | Lair:3   | Killed Sonja the yak
 15229 | Lair:3   | Noticed Nergalle
 15246 | Lair:3   | Killed Nergalle
 15259 | Lair:3   | Reached skill level 19 in Fighting
 15374 | Lair:3   | Reached XP level 14. HP: 131/146 MP: 23/23
 15537 | Lair:3   | Received a gift from Okawaru
 15694 | Lair:3   | HP: 6/146 [five-headed hydra (2)]
 15695 | Arena    | Entered the Arena
 15960 | Lair:3   | Found a staircase to the Swamp.
 17423 | Lair:5   | Entered Level 5 of the Lair of Beasts
 17498 | Lair:5   | HP: 7/147 [skyshark (16)]
 17499 | Lair:5   | Slain by a skyshark

Illustrated notes

Levels and vault maps discovered:
D:1:      dpeg_arrival_brainrot, layout_loops_corners, serial_forest,
          infiniplex_forest_end_3, infiniplex_forest_lined_room_,
          infiniplex_forest_end_2, infiniplex_forest_clump_cross,
          chequers_jeans, minmay_circled_x
D:2:      layout_basic, basic_altar
D:3:      layout_basic, uniq_ijyb, uniq_grinder
D:4:      layout_cave_pools, mainiacjoe_overflow_catwalk,
          nicolae_overflow_hidden_temple, mainiacjoe_overflow_24_doors,
          minmay_temple_entry_statues_fountains, nicolae_wormholes,
          uniq_blork_the_orc, uniq_crazy_yiuf_cottage, uniq_eustachio
D:5:      layout_cave_pools, trog_three_pillars_becter, uniq_duvessa
D:6:      layout_gridville, nemelex_spade_bored_becter,
          hangedman_minor_gate_pass, uniq_menkaure, uniq_prince_ribbit1
D:7:      layout_loops_corners, nicolae_ashenzari_skybound
D:8:      layout_basic, kennysheep_mini_moat, minmay_misc_feat_cross
D:9:      layout_loops_cross
D:10:     layout_roguey, dpeg_oklobed_lair, gammafunk_ghost_split
D:11:     layout_loops_ring, hiddenorc1_lemuel, uniq_grum, uniq_harold,
          uniq_lodul
Temple:   chequers_temple_sunken
Lair:1:   layout_misc_corridors, infiniplex_staircase_pool_2
Lair:2:   layout_gridlike, dummy_spider_entry,
          gammafunk_ghost_berserking_beasts, serial_bayou_pond_a,
          lemuel_fruit_tree, serial_bayou_shore_b, uniq_urug, uniq_erica
Lair:3:   layout_big_grid, palyth_hydra_swamp_entry, nzn_sisyphean_effort,
          serial_bayou_shore_b, uniq_nergalle, uniq_sonja
Lair:4:   layout_cave_pods
Lair:5:   hangedman_lair_caniforms_friends, layout_layer_cave,
          hangedman_lair_in_review, nicolae_slime_entry_field_trip,
          serial_rivers, chequers_serial_rivers_micro_e,
          chequers_serial_rivers_large_b, chequers_serial_rivers_micro_c,
          chequers_serial_rivers_small_a, chequers_serial_rivers_micro_d,
          chequers_serial_rivers_small_3
Orc:1:    layout_diamond_mine
Orc:2:    st_orc_rangers, layout_diamond_mine, nicolae_orc_crystal_geode

Skill      XL: |  1  2  3  4  5  6  7  8  9 10 11 12 13 14 |
---------------+-------------------------------------------+-----
Throwing       | 2 5 6 |  6.4
Fighting       | 3 4 9 11 12 14 15 16 17 19 | 19.7
Dodging        | 3 4 7 9 10 | 10.6
Evocations     | 2 4 5 |  5.0
Armour         | 1 3 4 8 11 12 13 | 13.0
Invocations    | 1 5 6 10 12 13 | 13.3
Maces & Flails | |  3.3

Action                     |  1- 3 |  4- 6 |  7- 9 | 10-12 | 13-15 || total
---------------------------+-------+-------+-------+-------+-------++-------
  Melee: Flail             |    76 |    12 |       |       |       ||    88
         Whip              |       |   127 |   237 |       |       ||   364
         Punch             |       |     1 |     4 |    20 |    18 ||    43
         Long sword        |       |       |    54 |   242 |       ||   296
         Scimitar          |       |       |       |   703 |   632 ||  1335
  Throw: Throwing net      |       |     3 |     1 |       |     4 ||     8
         Javelin           |       |       |    11 |    26 |    12 ||    49
         Dart              |       |       |       |    14 |    14 ||    28
 Invoke: Heroism           |       |       |     4 |    17 |    15 ||    36
         Duel              |       |       |       |       |     1 ||     1
  Evoke: Wand              |       |       |     1 |    11 |     1 ||    13
    Use: Potion            |       |       |    12 |       |     1 ||    13
         Scroll            |       |       |       |     7 |     9 ||    16
   Stab: Sleeping          |     1 |     2 |     4 |     1 |       ||     8
         Held in net/web   |       |       |     4 |       |     4 ||     8
 Armour: Leather armour    |    22 |    60 |   101 |       |       ||   183
         Steam dragon scal |       |       |    47 |   106 |       ||   153
         Robe              |       |       |       |   484 |   377 ||   861
  Dodge: Dodged            |    61 |    91 |   302 |  1708 |  1098 ||  3260

Table legend: (Time is in decaauts)
 A = Elapsed time spent in this place.
 B = Non-inter-level travel time spent in this place.
 C = Inter-level travel time spent in this place.
 D = Time resting spent in this place.
 E = Time spent auto-exploring this place.
 F = Levels seen in this place.
 G = Mean time per level.
                   A        B        C        D        E       F      G
               +--------+--------+--------+--------+--------+-----+--------+
         Total |  18115 |  17047 |   1068 |    820 |  11250 |  20 |  905.8 |
       Dungeon |  10552 |   9766 |    786 |    193 |   6882 |  11 |  959.3 |
        Temple |    240 |    215 |     25 |      0 |    202 |   1 |  240.0 |
          Lair |   4835 |   4713 |    122 |    146 |   3379 |   5 |  967.0 |
  Orcish Mines |   2292 |   2159 |    133 |    473 |    786 |   2 | 1146.0 |
         Arena |    194 |    194 |      0 |      8 |      0 |   1 |  194.0 |
               +--------+--------+--------+--------+--------+-----+--------+

Top non-repeatable levels by time:
  Lair:3: 1440 daAuts
  Lair:2: 1298 daAuts
    D:11: 1234 daAuts
   Orc:2: 1179 daAuts
     D:3: 1132 daAuts
  Lair:4: 1128 daAuts
    D:10: 1116 daAuts
   Orc:1: 1112 daAuts
     D:7: 1106 daAuts
     D:1: 1102 daAuts
     D:6: 1039 daAuts
  Lair:1: 889 daAuts
     D:9: 842 daAuts
     D:4: 816 daAuts
     D:2: 802 daAuts
